 Dungeon Crawl Stone Soup version 0.13.0-19-g8e0b589 (webtiles) character file.

111 Ragg the Charmwright (level 3, -1/23 HPs)
             Began as a High Elf Skald on Oct 24, 2013.
             Slain by a worm (10 damage)
             ... on Level 2 of the Dungeon.
             The game lasted 00:11:21 (1893 turns).

Ragg the Charmwright (High Elf Skald)               Turns: 1893, Time: 00:11:21

HP  -1/23        AC  3     Str 11      XL: 3   Next: 66%
MP   1/9         EV 12     Int 16      God:
Gold 57          SH  0     Dex 15      Spells:  3 memorised,  1 level left

Res.Fire  : . . .   See Invis. : .   a - +0 elf falchion
Res.Cold  : . . .   Warding    : .   i - +1 robe {MR+}
Life Prot.: . . .   Conserve   : .   (no shield)
Res.Poison: .       Res.Corr.  : .   (no helmet)
Res.Elec. : .       Clarity    : .   (no cloak)
Sust.Abil.: . .     Spirit.Shd : .   (no gloves)
Res.Mut.  : .       Stasis     : .   (no boots)
Res.Rott. : .       Flight     : .   (no amulet)
Saprovore : . . .                    (no ring)
                                     (no ring)

@: somewhat resistant to hostile enchantments, unstealthy
A: no striking features
a: no special abilities


You were on level 2 of the Dungeon.
You were not hungry.

You visited 1 branch of the dungeon, and saw 2 of its levels.

You collected 37 gold pieces.

Inventory:

Hand weapons
 a - a +0,+0 elven falchion (weapon)
Missiles
 e - 3 stones (quivered)
 f - 2 darts
 h - 16 poisoned needles
Armour
 i - a +1 robe of magic resistance (worn)
Comestibles
 d - a bread ration
 j - a meat ration
 k - a chunk of rat flesh
Scrolls
 b - a scroll of teleportation {unknown}
 g - a scroll of amnesia
 l - a scroll of enchant armour {unknown}
 n - a scroll of fear {unknown}
Books
 c - a book of Battle

   Spells                             Type                      Level
   *Infusion                          Charms                       1
   Shroud of Golubria                 Charms/Translocation         2
   Song of Slaying                    Charms                       2
   *Spectral Weapon                   Hexes/Charms                 3
   *Regeneration                      Charms/Necromancy            3
   Song of Shielding                  Charms                       4


   Skills:
 - Level 2.0 Fighting
 + Level 2.8 Long Blades
 - Level 0.8 Armour
 * Level 2.2 Dodging
 * Level 3.3 Spellcasting
 * Level 4.2 Charms


You had one spell level left.
You knew the following spells:

 Your Spells              Type           Power        Failure   Level  Hunger
a - Infusion              Chrm           ###...       3%          1    None
b - Regeneration          Chrm/Necr      #.........   28%         3    ###....
c - Spectral Weapon       Hex/Chrm       #.......     28%         3    ###....


Dungeon Overview and Level Annotations

Branches:
Dungeon (2/27)

Altars:
Trog


Message History

The jackal is moderately wounded.
The jackal bites you.
You miss the jackal.
The jackal is moderately wounded.
The jackal bites you. The jackal barely misses you.
You barely miss the jackal.
The jackal is moderately wounded.
The jackal barely misses you.
You aren't carrying any potions.
The jackal barely misses you.
You see here a stone.
You closely miss the jackal.
The jackal is moderately wounded.
The jackal bites you but does no damage.
You hit the jackal.
You kill the jackal!
You hit the jackal.
You kill the jackal!
The worm bites you!
You die...

.. . # . #..
#w############ .≈≈g
#...........#
(.≈≈≈##h###....##.#
#_(...g..# #....#
#(###....##
#.w@(.....#
#####.....#
......###.#
####.#.)(# #.#.###
#.#.#########
#.#........<#
#.########### .


You could see a worm, a hobgoblin and a goblin.

Vanquished Creatures
  A gnoll (D:1)
  2 giant geckos
  2 oozes (D:1)
  A giant cockroach (D:1)
  4 hobgoblins (D:1)
  5 kobolds
  A ball python (D:1)
  4 bats (D:1)
  6 giant newts
  7 goblins
  4 jackals (D:2)
  3 rats
40 creatures vanquished.

Vanquished Creatures (others)
  A spectral weapon (D:2)
1 creature vanquished.

Grand Total: 41 creatures vanquished

Notes
Turn   | Place    | Note
--------------------------------------------------------------
     0 | D:1      | Ragg, the High Elf Skald, began the quest for the Orb.
     0 | D:1      | Reached XP level 1. HP: 13/13 MP: 4/4
     0 | D:1      | Ragg: whats good here
     0 | D:1      | Ragg: Should i just get em all
     0 | D:1      | bongbaron: the way i usually splits it
     0 | D:1      | Ragg: the ones i have now i mean
     0 | D:1      | bongbaron: skald has a lot of things to train is a problem
     0 | D:1      | bongbaron: i usually turn off fighting early, leave blades on, focus dodge/spell/charm
     0 | D:1      | Ragg: Ill try that
     0 | D:1      | bongbaron: armour is worth training but not until later really
     0 | D:1      | bongbaron: cause u can use leather and elven ring mail just find w/o much armour skill
     0 | D:1      | Ragg: Cool
    22 | D:1      | bongbaron: also okawaru is a sick god for these guys because hell hook u up w/ triple swords
    24 | D:1      | bongbaron: cast ur spell
    25 | D:1      | bongbaron: it drains your mana to do extra dmdg on melee hits
    27 | D:1      | Ragg: Oh
    27 | D:1      | Ragg: Cool
    27 | D:1      | bongbaron: until u got other spells, u may as well use it
    27 | D:1      | sugary: its a crazy amount of damage
    30 | D:1      | bongbaron: its not insane
    31 | D:1      | sugary: well early on
    33 | D:1      | tripwire: Winfusion
    33 | D:1      | bongbaron: its like 1d4+1 or sometthing
    46 | D:1      | bongbaron: yeah early its dope
   121 | D:1      | sugary: and later its a nice little boost if you can handle the mana drain
   324 | D:1      | sugary: cool build is vampire skald, infused dagger stabs are brutal
   482 | D:1      | bongbaron: later on its not rly worth it cause youll eventually find some blast spells to use up your mana
   501 | D:1      | sugary: yeah
   529 | D:1      | bongbaron: high elfs are super kewl skalds bcause they have real good long blades and dodg apt, and get elven gear bonus for casting penalty and to-hit, and have great air elemental casting apts
   533 | D:1      | Ragg: is magic res negative in any way
   533 | D:1      | bongbaron: so your really well situated to transition into like a super badass dude who casts tornado and then beats up everything the tornado sucks next to you as its doing Massive Damage
   533 | D:1      | bongbaron: nope
   533 | D:1      | bongbaron: the more the better
   575 | D:1      | bongbaron: but resists are generally more worth it if it comes to a choice
   575 | D:1      | Reached XP level 2. HP: 18/18 MP: 6/6
   588 | D:1      | bongbaron: w/ exceptions based on cdoing certain branches but thats much later
   689 | D:1      | sugary: You gnoll what you doing, Lol
   692 | D:1      | Ragg: bwahaha
   904 | D:1      | Reached skill level 4 in Charms
   904 | D:1      | Reached XP level 3. HP: 5/23 MP: 6/9
  1214 | D:1      | bongbaron: lole
  1263 | D:1      | bongbaron: also spectral weapon is really strong
  1295 | D:1      | bongbaron: that and regenereration are probably wat u wanna get first
  1353 | D:1      | bongbaron: shroud of golubria stinx
  1357 | D:1      | Learned a level 3 spell: Regeneration
  1361 | D:1      | Learned a level 3 spell: Spectral Weapon
  1467 | D:1      | tripwire: i wonder if they'll ever buff shroud of noobia
  1467 | D:1      | Ragg: cool
  1473 | D:1      | tripwire: or that dumbass spell that makes mud around ur feet
  1475 | D:1      | tripwire: what a worthless spell
  1492 | D:1      | bongbaron: also the spirit shield spell is garbage
  1503 | D:1      | bongbaron: it protects u from dmg but by draining your mana when u get hit
  1538 | D:1      | bongbaron: unless uve not found any other books at all its not worth it
  1543 | D:1      | bongbaron: and even then your probably better off killing the things with your mana using infusion
  1640 | D:1      | bongbaron: u cant get at that crap w/o blink
  1647 | D:1      | Ragg: yea
  1647 | D:1      | bongbaron: or flgiht
  1687 | D:2      | bongbaron: spectral weapon is super duper strong
  1699 | D:2      | bongbaron: buttt u cant really use it in corridors
  1699 | D:2      | tripwire: doesnt it depend on weapon
  1704 | D:2      | bongbaron: (unless your using polearms but high elfs have a stink apitutde for that i think)
  1709 | D:2      | tripwire: its just tumikas dance right
  1709 | D:2      | bongbaron: yea but its still useful
  1711 | D:2      | Ragg: whops
  1711 | D:2      | bongbaron: basically but it works with song of slaying
  1717 | D:2      | tripwire: oh cool
  1719 | D:2      | bongbaron: and it scales w/ weapon skill
  1726 | D:2      | bongbaron: in strength
  1727 | D:2      | sugary: spectral weapon + song of slaying and you can slaughter hordes
  1731 | D:2      | tripwire: oh thats nice
  1795 | D:2      | bongbaron: scaling w/ weapon skill is most impt part i think cause even a falchion is good when you cast it with heroism on
  1843 | D:2      | sugary: against big hard hitters its of less value since they can one shot the weapon and hurt you a bit but its still cool
  1843 | D:2      | bongbaron: another reason okawaru is great for skalds
  1843 | D:2      | tripwire: in bad diablo ripoff POe they made an update yesterday wit hspectral weapon.
  1843 | D:2      | bongbaron: heroism skill boost definitely counts for casting spectral weapon
  1843 | D:2      | Ragg: so song of slaying is good?
  1843 | D:2      | bongbaron: its situational
  1851 | D:2      | bongbaron: its good for fighting hordes of zombies or orcs
  1851 | D:2      | sugary: maybe not this early. but yeah hordes its sick
  1851 | D:2      | bongbaron: because every few kills makes u stronger
  1857 | D:2      | tripwire: song of slayer... Raining blood!
  1857 | D:2      | sugary: you cant extend it which is really annoying
  1857 | D:2      | bongbaron: lol
  1857 | D:2      | Ragg: so good for like orc mines i guess
  1857 | D:2      | bongbaron: yea
  1857 | D:2      | sugary: yeah
  1857 | D:2      | Found a bloodstained altar of Trog.
  1858 | D:2      | tripwire: all teh orcs start headbanging
  1860 | D:2      | bongbaron: and killing like green rat packs and shit in lair
  1861 | D:2      | sugary: Life is short! Bury! Steady sword!
  1866 | D:2      | Shauncat: i haet orc
  1881 | D:2      | bongbaron: u cant use spectrl weapon in a corridor realy
  1884 | D:2      | bongbaron: you gotta be at the end
  1887 | D:2      | bongbaron: so you and the weapon can both it
  1889 | D:2      | bongbaron: it only fights when youre meleeing something
  1893 | D:2      | Slain by a worm

Action                   || total
-------------------------++-------
Melee: Falchion          ||   110
Throw: Stone             ||    24
 Cast: Infusion          ||    17
       Spectral Weapon   ||     5
       Regeneration      ||     3
  Use: Scroll            ||     1
